 Dungeon Crawl Stone Soup version 0.20-a0-751-g905781e (webtiles) character file.

1446 M4edhros the Martial Artist (level 8, -8/46 HPs)
             Began as an Octopode Necromancer on Feb 25, 2017.
             Mangled by a cyclops (22 damage)
             ... on level 7 of the Dungeon.
             The game lasted 00:08:58 (1783 turns).

M4edhros the Martial Artist (Octopode Necromancer)  Turns: 1783, Time: 00:08:58

Health: -8/46      AC:  3    Str: 12    XL:     8   Next: 75%
Magic:  3/11       EV: 17    Int: 18    God:
Gold:   116        SH:  0    Dex: 14    Spells: 6/11 levels left

rFire    . . .     SeeInvis .     - Unarmed
rCold    . . .     Gourm    .   (no shield)
rNeg     . . .     Faith    +   (helmet restricted)
rPois    .         Spirit   .   o - amulet of faith
rElec    .         Reflect  .   c - ring of resist corrosion
rCorr    +         Harm     .   (no ring)
MR       .....                  (no ring)
Stlth    +++.......             (no ring)
Regen    0.6/turn               (no ring)
MPRegen  0.2/turn               (no ring)
                                (no ring)
                                (no ring)

@: mighty, very slightly contaminated
A: almost no armour, stealthy swim, amphibious, 8 rings, constrict 8, thin
metallic scales 1, camouflage 1, mutation resistance 1, regeneration 1,
gelatinous body 1, no potion heal 1, MP-powered wands
a: no special abilities


You were on level 7 of the Dungeon.
You were not hungry.

You visited 1 branch of the dungeon, and saw 7 of its levels.
You also visited: Sewer.

You collected 116 gold pieces.

Inventory:

Hand Weapons
 l - a +2 whip of electrocution
Missiles
 d - 17 sling bullets
 i - 2 tomahawks (quivered)
Jewellery
 c - a ring of resist corrosion (left tentacle)
 o - an amulet of faith (around mantle)
Scrolls
 e - 6 scrolls of recharging
 j - a scroll of noise
 m - 4 scrolls of magic mapping {unknown}
 n - 2 scrolls of fog {unknown}
 q - a scroll of fear {unknown}
 r - a scroll of amnesia {unknown}
Potions
 f - a potion of heal wounds
 h - 2 potions of might
 k - 3 potions of curing
Books
 a - a book of Necromancy

   Spells                             Type                      Level
   a - Pain                           Necromancy                   1
   b - Animate Skeleton               Necromancy                   1
   c - Vampiric Draining              Necromancy                   3
   d - Regeneration                   Charms/Necromancy            3
   e - Animate Dead                   Necromancy                   4
   f - Control Undead                 Necromancy                   4
Comestibles
 b - 3 bread rations
 g - 2 royal jellies
 p - a meat ration
 s - a chunk of flesh


   Skills:
 + Level 6.4 Dodging
 - Level 2.6 Stealth
 * Level 8.5 Unarmed Combat
 - Level 2.0 Spellcasting
 - Level 4.0 Necromancy


You had 6 spell levels left.
You knew the following spells:

 Your Spells              Type           Power        Failure   Level  Hunger
a - Pain                  Necr           ###.         3%          1    #......
b - Animate Skeleton      Necr           N/A          3%          1    #......
c - Regeneration          Chrm/Necr      #.........   24%         3    ###....


Dungeon Overview and Level Annotations

Branches:
Dungeon (7/15)
 Temple: D:4-7

Altars:
The Shining One

Shops:
D:7 *

Annotations:
D:2 Robin


Innate Abilities, Weirdness & Mutations

You cannot wear most types of armour.
You are very stealthy in the water. (Stealth+)
You are amphibious.
You can wear up to eight rings at the same time.
You can use your tentacles to constrict eight enemies at once.
Your skin changes colour to match your surroundings (Stealth+).
Your rubbery body absorbs attacks. (AC +1, EV +1)
You are partially covered in thin metallic scales. (AC +2)
You are somewhat resistant to further mutation.
Your natural rate of healing is unusually fast.
Potions are less effective at restoring your health.
You expend magic power (3 MP) to strengthen your wands.


Message History

You are feeling hungry.
Your skin is crawling a little less now.
Eat one of 2 chunks of flesh? (ye/n/q)
You eat one of the 2 chunks of flesh.
This raw flesh tastes terrible.
A centaur comes into view.
Your skin stops crawling.
A cyclops comes into view.
A centaur warrior comes into view.
The cyclops shouts!
The centaur warrior shouts!
You bludgeon the cyclops! You squeeze the cyclops!
The cyclops is heavily wounded.
The cyclops hits you!!
Ouch! That really hurt!
* * * LOW HITPOINT WARNING * * *
You bludgeon the cyclops!
The cyclops is heavily wounded.
You bludgeon the cyclops! You squeeze the cyclops!
The cyclops is almost dead.
The cyclops hits you!!
You die...

...............#
#.....
####.....#####..
##..##
#.....#...# #..#
##.#..#...# #..#
#..#..#.#.# #..#
## ##.##### ##.#
# #.# ## .#
#.##.##C#
#....@# #c#..Z#
..##8##....
###...# ###.
#.... #.##c# ##
#.# #.#


You could see a centaur warrior, a cyclops and a friendly yak skeleton.

Vanquished Creatures
  A centaur warrior (D:7)
  A yak (D:7)
  A vampire mosquito (D:7)
  A sky beast (D:7)
  An ice beast (D:5)
  A bullfrog (Sewer)
  An orc priest (D:4)
  Natasha (D:2)
  An orc wizard (D:4)
  6 adders
  3 river rats (Sewer)
  2 worms (D:2)
  A dart slug (D:4)
  A leopard gecko (D:2)
  2 orcs
  2 giant cockroaches
  3 goblins (D:2)
  5 hobgoblins
  6 kobolds
  2 quokkas
  14 ball pythons
  5 bats
  6 frilled lizards
  A jackal zombie (D:5)
  26 rats
94 creatures vanquished.

Vanquished Creatures (collateral kills)
  A bullfrog (Sewer)
  2 adders (Sewer)
  A ball python (Sewer)
  A goblin (D:2)
  A hobgoblin (D:2)
  3 rats (Sewer)
9 creatures vanquished.

Vanquished Creatures (others)
  3 fungi (D:2)
3 creatures vanquished.

Grand Total: 106 creatures vanquished

Notes
Turn   | Place    | Note
-------+----------+-------------------------------------------
     0 | D:1      | M4edhros the Octopode Necromancer began the quest for the Orb.
     0 | D:1      | Reached XP level 1. HP: 11/11 MP: 3/3
    91 | D:1      | Reached skill level 1 in Unarmed Combat
   159 | D:2      | Noticed Robin
   175 | D:2      | Reached XP level 2. HP: 17/17 MP: 5/5
   205 | D:2      | Learned a level 1 spell: Animate Skeleton
   261 | D:2      | Noticed Natasha
   303 | D:2      | Noticed a crimson imp
   309 | D:2      | Killed Natasha
   309 | D:2      | Reached skill level 2 in Unarmed Combat
   309 | D:2      | Reached XP level 3. HP: 13/21 MP: 6/6
   314 | D:2      | Learned a level 3 spell: Regeneration
   494 | D:1      | Reached XP level 4. HP: 3/27 MP: 7/7
   736 | D:3      | Found a glowing golden altar of the Shining One.
   816 | D:4      | Gained mutation: You tend to lose your temper in combat. [potion of mutation]
   816 | D:4      | Gained mutation: You passively map a small area around you. [potion of mutation]
   827 | D:4      | Reached skill level 3 in Unarmed Combat
   835 | D:4      | Found a glowing drain.
   885 | Sewer    | Entered a sewer
   975 | Sewer    | Reached XP level 5. HP: 13/31 MP: 8/8
  1141 | Sewer    | Reached skill level 4 in Unarmed Combat
  1146 | Sewer    | HP: 1/30 [adder (1)]
  1154 | Sewer    | Reached XP level 6. HP: 30/36 MP: 1/9
  1258 | D:4      | Reached skill level 5 in Unarmed Combat
  1348 | D:4      | Lost mutation: You tend to lose your temper in combat. [potion of mutation]
  1348 | D:4      | Lost mutation: You passively map a small area around you. [potion of mutation]
  1348 | D:4      | Gained mutation: Your natural rate of healing is unusually fast. [potion of mutation]
  1348 | D:4      | Gained mutation: You are weak. (Str -2) [potion of mutation]
  1348 | D:4      | Gained mutation: You are partially covered in thin metallic scales. (AC +2) [potion of mutation]
  1461 | D:5      | Entered Level 5 of the Dungeon
  1461 | D:5      | Noticed an ice beast
  1469 | D:5      | Killed an ice beast
  1469 | D:5      | Reached XP level 7. HP: 41/41 MP: 10/10
  1574 | D:7      | Found Uloxzikh's Assorted Antiques.
  1685 | D:7      | Gained mutation: Your body sometimes deteriorates upon taking damage. [mutagenic meat]
  1686 | D:7      | Gained mutation: Potions are less effective at restoring your health. [mutagenic meat]
  1687 | D:7      | Gained mutation: You expend magic power (3 MP) to strengthen your wands. [mutagenic meat]
  1688 | D:7      | Lost mutation: You are weak. (Str -2) [mutagenic meat]
  1689 | D:7      | Lost mutation: Your body sometimes deteriorates upon taking damage. [mutagenic meat]
  1690 | D:7      | Gained mutation: You are somewhat resistant to further mutation. [mutagenic meat]
  1731 | D:7      | Noticed a vampire mosquito
  1735 | D:7      | Noticed a yak
  1740 | D:7      | Killed a vampire mosquito
  1740 | D:7      | Reached skill level 5 in Dodging
  1740 | D:7      | Reached skill level 6 in Unarmed Combat
  1744 | D:7      | Noticed a centaur warrior
  1751 | D:7      | Killed a centaur warrior
  1751 | D:7      | Reached skill level 8 in Unarmed Combat
  1751 | D:7      | Reached XP level 8. HP: 18/46 MP: 11/11
  1757 | D:7      | Killed a yak
  1777 | D:7      | Noticed a cyclops
  1779 | D:7      | Noticed a centaur warrior
  1783 | D:7      | Mangled by a cyclops

Vault maps used:
D:1:      dpeg_arrival_ternary, minmay_domino_4
D:2:      serial_forest, infiniplex_forest_clump_C, infiniplex_forest_fountain,
          infiniplex_forest_clump_small, infiniplex_forest_3_way,
          infiniplex_forest_lined_3, infiniplex_forest_corner_2,
          infiniplex_forest_lined_room_2, uniq_natasha, uniq_robin,
          uniq_crazy_yiuf_cottage, uniq_terence
D:3:      lemuel_doored_altar, minmay_misc_feat_rugged
D:4:      minmay_temple_entry_enclosed_plants, first_bread, portal_sewer_entry_a
D:5:      lemuel_crystal_altar, tgw_sif, kennysheep_generic_room_12
D:6:      nicolae_ru_great_annihilating_truth, uniq_sigmund
D:7:      serial_shops, kennysheep_little_box, grunt_livestock,
          minmay_the_grid_plus_closed
Sewer:    sewer_minmay_w

Skill      XL: |  1  2  3  4  5  6  7 |
---------------+----------------------+-----
Unarmed Combat | 1 2 3 4 5 8 |  8.5
Dodging        | 3 4 6 |  6.4
Stealth        | |  2.6
Spellcasting   | |  2.0
Necromancy     | |  4.0

Action                   |  1- 3 |  4- 6 |  7- 9 || total
-------------------------+-------+-------+-------++-------
Melee: Unarmed           |    59 |       |    36 ||    95
       Constrict         |    16 |    23 |     3 ||    42
       Tentacles         |     8 |    10 |    11 ||    29
       Whip              |    23 |    99 |     8 ||   130
       Punch             |     1 |     1 |     1 ||     3
 Cast: Pain              |     2 |       |       ||     2
       Animate Skeleton  |     3 |    23 |     1 ||    27
       Regeneration      |     2 |     9 |     4 ||    15
  Use: Potion            |     3 |     6 |     2 ||    11
       Scroll            |       |     8 |       ||     8
 Stab: Sleeping          |     6 |     7 |     1 ||    14
  Eat: Chunk             |       |     5 |     8 ||    13
Armor: Skin              |     3 |    12 |     5 ||    20
Dodge: Dodged            |    59 |   122 |    27 ||   208
